 Dungeon Crawl Stone Soup version 0.21-a0-110-g8e1637b (webtiles) character file.

752 Ordine the Slasher (level 7, 36/36 HPs)
             Began as a Tengu Wizard on July 9, 2017.
             Was an Initiate of Gozag.
             Quit the game on level 4 of the Dungeon.
             The game lasted 00:20:25 (6420 turns).

Ordine the Slasher (Tengu Wizard)                   Turns: 6420, Time: 00:20:25

Health: 36/36      AC:  2    Str:  8    XL:     7   Next: 78%
Magic:  14/14      EV: 12    Int: 20    God:    Gozag
Gold:   418        SH:  0    Dex: 12    Spells: 11/14 levels left

rFire    . . .     SeeInvis .   q - +0 dagger (elec)
rCold    . . .     Gourm    .   (no shield)
rNeg     + . .     Faith    .   a - +0 robe
rPois    .         Spirit   .   b - +0 hat
rElec    .         Reflect  .   (no cloak)
rCorr    .         Harm     .   (no gloves)
MR       +....                  (boots unavailable)
Stlth    ++........             (no amulet)
HPRegen  0.12/turn              j - ring of positive energy
MPRegen  0.14/turn              f - ring of protection from magic

@: drained
A: beak, talons 3, able to fly 1
a: Fly, Potion Petition, Call Merchant, Bribe Branch, Renounce Religion


You were on level 4 of the Dungeon.
You worshipped Gozag.
Gozag was aware of your devotion.
You were not hungry.

You visited 1 branch of the dungeon, and saw 4 of its levels.

You collected 484 gold pieces.
You paid 66 gold pieces to Gozag.

Inventory:

Hand Weapons
 q - a +0 dagger of electrocution (weapon)
 v - a +1 great sword
Armour
 a - a +0 robe (worn)
 b - a +0 hat (worn)
Magical Staves
 k - an uncursed staff of energy {unknown}
Jewellery
 f - a ring of protection from magic (right hand)
 i - an uncursed ring of wizardry
 j - a ring of positive energy (left hand)
Scrolls
 l - a scroll of remove curse
 m - 4 scrolls of teleportation
Potions
 d - a potion of heal wounds
 e - a potion of mutation
 h - a potion of might
 u - a potion of haste {unknown}
Books
 c - a book of Minor Magic

   Spells                             Type                      Level
   a - Magic Dart                     Conjuration                  1
   b - Blink                          Translocation                2
   c - Call Imp                       Summoning                    2
   d - Slow                           Hexes                        2
   e - Conjure Flame                  Conjuration/Fire             3
   f - Mephitic Cloud                 Conjuration/Poison/Air       3
Comestibles
 g - 4 meat rations
 o - a royal jelly


   Skills:
 * Level 6.2(6.1) Long Blades
 - Level 2.1 Dodging
 - Level 3.0 Stealth
 - Level 4.0(3.9) Spellcasting
 + Level 5.3(5.2) Conjurations
   Level 1.2(1.1) Summonings
 - Level 2.0(1.9) Translocations


You had 11 spell levels left.
You knew the following spells:

 Your Spells              Type           Power        Failure   Level  Hunger
a - Magic Dart            Conj           ###.         1%          1    None
b - Blink                 Tloc           N/A          9%          2    ##.....


Dungeon Overview and Level Annotations

Branches:
Dungeon (4/15)
 Temple: D:4-7

Altars:
Cheibriados
Gozag
Hepliaklqana
Makhleb
Nemelex Xobeh
Qazlal
Ru
Trog

Annotations:
D:3 2 transporters
D:4 Robin


Innate Abilities, Weirdness & Mutations

You have a beak for a mouth.
You have claws for feet.
You can fly.


Message History

Anything else - Cancel.
Okay, then.
Okay, then.
Unknown command.
What are your orders? t - Shout!
Orders for allies: a - Attack new target. r - Retreat! s - Stop attacking. g - Guard the area. f - Follow me.
Anything else - Cancel.
You shout for attention!
You see here 20 arrows.
There is a stone staircase leading down here.
You see here a club.
You see here a club.
There is an open door here.
There is an escape hatch in the ceiling here.
There is an open door here.
There is a stone staircase leading down here.
Are you sure you want to abandon this character and quit the game? (Confirm with "yes".)

### ### #.#
### #.### #.#
#.# ##..##
##.# #.#
##..###..# ..#
#...##..# .##
#......@# .#
###.......#
.##
###.........#
..#
##...........#
.##
#............#
.#
#......#######
.# #.....## .#
##.....###
^###........##


There were no monsters in sight!

Vanquished Creatures
  Edmund (D:3)
  The ghost of Ordine the Poker, an amateur MfSk (D:3)
  An ogre (D:4)
  A scorpion (D:4)
  2 orc priests (D:4)
  2 hounds (D:3)
  2 orc wizards (D:4)
  2 worker ants (D:4)
  A gnoll (D:3)
  3 adders (D:2)
  2 oozes
  A worm (D:4)
  3 dart slugs
  2 leopard geckos
  6 orcs
  2 ball pythons
  19 goblins
  11 hobgoblins
  3 jackals (D:1)
  2 quokkas
  5 bats
  3 frilled lizards
  6 kobolds
  9 rats
90 creatures vanquished.

Notes
Turn   | Place    | Note
-------+----------+-------------------------------------------
     0 | D:1      | Ordine the Tengu Wizard began the quest for the Orb.
     0 | D:1      | Reached XP level 1. HP: 10/10 MP: 5/5
   184 | D:1      | Reached XP level 2. HP: 14/15 MP: 5/7
   194 | D:1      | Learned a level 2 spell: Blink
   706 | D:1      | Reached skill level 1 in Translocations
   798 | D:1      | Reached XP level 3. HP: 19/19 MP: 0/8
  1469 | D:2      | Found a bloodstained altar of Trog.
  1620 | D:2      | Reached XP level 4. HP: 19/24 MP: 4/10
  2051 | D:2      | Found a snail-covered altar of Cheibriados.
  2294 | D:2      | You fall through a shaft!
  2343 | D:3      | Noticed a steam dragon
  2344 | D:3      | Found a hazy altar of Hepliaklqana.
  2345 | D:3      | Noticed an ice beast
  2536 | D:3      | Found a faded altar of an unknown god.
  2547 | D:3      | Noticed Ordine's ghost (amateur MfSk)
  2564 | D:3      | Killed Ordine's ghost
  2564 | D:3      | Reached skill level 2 in Long Blades
  2564 | D:3      | Gained mutation: You can fly. [Tengu growth]
  2564 | D:3      | Reached XP level 5. HP: 28/28 MP: 2/11
  2622 | D:3      | Found an opulent altar of Gozag.
  2650 | D:3      | Found a transporter.
  2669 | D:3      | Became a worshipper of Gozag Ym Sagoz the Greedy
  2697 | D:3      | Found a sacrificial altar of Ru.
  2774 | D:3      | Reached XP level 6. HP: 32/32 MP: 9/12
  2938 | D:3      | HP: 1/32 [hound (4)]
  3283 | D:3      | Found a transporter.
  3421 | D:4      | Noticed Edmund
  3758 | D:3      | Killed Edmund
  3758 | D:3      | Reached skill level 3 in Long Blades
  3758 | D:3      | Reached skill level 5 in Conjurations
  3850 | D:4      | Reached skill level 4 in Long Blades
  3850 | D:4      | Reached XP level 7. HP: 31/36 MP: 5/14
  4054 | D:4      | Reached skill level 5 in Long Blades
  4636 | D:4      | Reached skill level 6 in Long Blades
  4659 | D:4      | Found a sparkling altar of Nemelex Xobeh.
  4660 | D:4      | Found a stormy altar of Qazlal.
  4803 | D:4      | Noticed Robin
  5541 | D:4      | Found a snail-covered altar of Cheibriados.
  5696 | D:4      | Found a burning altar of Makhleb.
  6420 | D:4      | Quit the game

Vault maps used:
D:1:      dpeg_arrival_boxes_within_box, patterned_corridor
D:2:      lemuel_round_altar, bloody_trog
D:3:      gammafunk_temple_overflow_arena, nicolae_ru_awakened_eye,
          nicolae_gozag_cash_rules_everything_around_me,
          chequers_ecumenical_altar_island, cheibrodos_gnoll_hut
D:4:      kennysheep_mini, grunt_temple_overflow_open, chei_slow_surprise,
          uniq_robin, uniq_edmund

Skill      XL: |  1  2  3  4  5  6  7 |
---------------+----------------------+-----
Conjurations   | 2 3 4 5 |  5.3
Translocations | 1 2 |  2.0
Long Blades    | 2 4 6 |  6.2
Stealth        | 3 |  3.0
Spellcasting   | 4 |  4.0
Dodging        | |  2.1
Summonings     | |  1.2

Action                   |  1- 3 |  4- 6 |  7- 9 || total
-------------------------+-------+-------+-------++-------
Melee: Kick              |     2 |     2 |     2 ||     6
       Unarmed           |     1 |       |       ||     1
       Club              |     3 |       |       ||     3
       Dagger            |     2 |    15 |     4 ||    21
       Peck              |       |     1 |       ||     1
 Cast: Magic Dart        |    85 |   102 |    84 ||   271
       Blink             |     2 |     2 |     1 ||     5
Invok: Potion Petition   |       |     1 |       ||     1
 Abil: Fly               |       |     2 |       ||     2
  Use: Scroll            |     1 |     8 |     1 ||    10
       Potion            |       |     9 |       ||     9
 Stab: Invisible         |       |     1 |       ||     1
  Eat: Chunk             |     2 |     4 |       ||     6
       Bread ration      |       |     1 |     1 ||     2
       Meat ration       |       |       |     1 ||     1
Armor: Robe              |     6 |     6 |     2 ||    14
       Skin              |       |     4 |       ||     4
Dodge: Dodged            |    10 |    35 |    16 ||    61
